 Dungeon Crawl Stone Soup version 0.27.1-1-g398f81649c (webtiles) character file.

Game seed: 9865910299581828435

32 H0rd4k the Magician (level 3, -15/21 HPs)
             Began as an Octopode Hedge Wizard on Sept 16, 2021.
             Demolished by Jessica (17 damage)
             ... on level 2 of the Dungeon.
             The game lasted 00:02:10 (2005 turns).

H0rd4k the Magician (Octopode Hedge Wizard)         Turns: 2005, Time: 00:02:12

Health: -15/21     AC:  1    Str:  9    XL:     3   Next: 27%
Magic:  4/8        EV: 13    Int: 17    God:
Gold:   38         SH:  0    Dex: 11    Spells: 6/9 levels left

rFire    . . .     SeeInvis .   a - +0 dagger
rCold    + . .     Faith    .   (no shield)
rNeg     . . .     Spirit   .   b - +0 hat
rPois    .         Reflect  .   (no amulet)
rElec    .         Harm     .   e - ring of willpower
rCorr    .         Rampage  .   g - ring of protection from cold
Will     +....                  (no ring)
Stlth    +++.......             (no ring)
HPRegen  0.07/turn              (no ring)
MPRegen  0.11/turn              (no ring)
                                (no ring)
                                (no ring)

@: no status effects
A: almost no armour, amphibious, 8 rings, camouflage 1, gelatinous body 1,
(nimble swimmer 1), tentacles
a: no special abilities


You were on level 2 of the Dungeon.
You visited 1 branch of the dungeon, and saw 2 of its levels.

You collected 38 gold pieces.

Inventory:

Hand Weapons
 a - a +0 dagger (weapon)
Armour
 b - a +0 hat (worn)
Jewellery
 e - a ring of willpower (left tentacle)
 g - a ring of protection from cold (right tentacle)
Scrolls
 d - a scroll of brand weapon {unknown}
Potions
 c - a potion of curing {unknown}
 f - a potion of haste {unknown}


   Skills:
 + Level 2.0 Dodging
 + Level 3.4 Stealth
 + Level 3.6 Spellcasting
 + Level 1.5 Conjurations
 + Level 1.0 Summonings
 + Level 1.0 Translocations


You had 6 spell levels left.
You knew the following spells:

 Your Spells              Type           Power      Damage    Failure   Level
a - Magic Dart            Conj           32%        1d4       9%          1
b - Blink                 Tloc           N/A        N/A       17%         2

Your spell library contained the following spells:

 Spells                   Type           Power      Damage    Failure   Level
 Call Imp                 Summ           6%         N/A       17%         2
 Static Discharge         Conj/Air       5%         N/A       19%         2
 Slow                     Hex            3%         N/A       26%         2
 Conjure Flame            Conj/Fire      5%         6-21      34%         3
 Mephitic Cloud           Conj/Pois/Air  4%         N/A       38%         3
 Lightning Bolt           Conj/Air       2%         1d14      97%         5
 Alistair's Intoxication  Tmut/Pois      2%         N/A       99%         5
 Borgnjor's Vile Clutch   Necr/Erth      1%         N/A       99%         5
 Eringya's Noxious Bog    Tmut/Pois      1%         N/A       100%        6
 Maxwell's Capacitive Co  Air            1%         ∞         100%        8


Dungeon Overview and Level Annotations

Branches:
Dungeon (2/15)

Altars:

Annotations:
D:1 exclusion: downstairs
D:2 Jessica


Innate Abilities, Weirdness & Mutations

You cannot wear most types of armour.
You are amphibious.
You can wear up to eight rings at the same time.
Your skin changes colour to match your surroundings (Stealth+).
Your rubbery body absorbs attacks. (AC +1, EV +1)
((You are camouflaged near water. (Stealth+)))
You have tentacles for arms and can constrict up to eight enemies at once.


Message History

You are too depleted to draw on your mana recklessly!
You hit the worm but do no damage. You grab the worm. You squeeze the worm.
The worm is severely wounded.
You constrict the worm. You hit the worm.
You kill the worm!
An adder comes into view.
An adder is nearby!
An adder is nearby!
There is a stone staircase leading up here.
You climb upwards.
Level annotation: exclusion: downstairs
There is a stone staircase leading down here.
Magic restored.
Done exploring.
You climb downwards.
There is a stone staircase leading up here.
Jessica the Apprentice Sorceress comes into view.
She is wielding a +1 dagger of electrocution.
Jessica is nearby!
The magic dart hits Jessica but does no damage.
Jessica shouts!
The magic dart hits Jessica.
Jessica is moderately wounded.
The magic dart hits Jessica.
Jessica is moderately wounded.
The magic dart hits Jessica but does no damage.
Jessica is moderately wounded.
Jessica hits you with a +1 dagger of electrocution.
You are electrocuted!
Ouch! That really hurt!
* * * LOW HITPOINT WARNING * * *
You are too injured to fight recklessly!
You are too injured to fight recklessly!
You closely miss Jessica. Your grab misses Jessica.
Jessica is moderately wounded.
Jessica hits you with a +1 dagger of electrocution.
* * * LOW HITPOINT WARNING * * *
You are electrocuted!
Ouch! That really hurt!
You die...

. .#..
..........<#.#
# #
########.###.#
#.# .# #.# .#
#.# #.# #.#
#.# #@#
......@.#
#########


You could see Jessica.

Vanquished Creatures
  A worm (D:2)
  A dart slug (D:2)
  2 endoplasms (D:1)
  2 hobgoblins
  A quokka (D:2)
  5 ball pythons
  2 bats (D:1)
  A frilled lizard (D:2)
  5 goblins
  4 kobolds
  2 rats (D:1)
26 creatures vanquished.

Notes
Turn   | Place    | Note
-------+----------+-------------------------------------------
     0 | D:1      | H0rd4k the Octopode Hedge Wizard began the quest for the
                  | Orb.
     0 | D:1      | Reached XP level 1. HP: 11/11 MP: 4/4
   278 | D:1      | Reached XP level 2. HP: 17/17 MP: 1/6
  1612 | D:2      | Reached XP level 3. HP: 21/21 MP: 4/8
  1615 | D:2      | Learned a level 2 spell: Blink
  2000 | D:2      | Noticed Jessica
  2005 | D:2      | Demolished by Jessica

Illustrated notes

Levels and vault maps discovered:
D:1:      dpeg_arrival_arbitrary_c, layout_loops_ring, fountainhead,
          kennysheep_flooded_box, minmay_misc_feat_more_columns
D:2:      layout_basic, basic_altar, uniq_jessica, uniq_crazy_yiuf_cottage

Skill      XL: |  1 |
---------------+----+-----
Stealth        | 3 |  3.4
Dodging        | |  2.0
Spellcasting   | |  3.6
Conjurations   | |  1.5
Summonings     | |  1.0
Translocations | |  1.0

Action                   || total
-------------------------++-------
Melee: Dagger            ||     4
       Constrict         ||     1
       Tentacles         ||     1
 Cast: Magic Dart        ||    92
Armor: Skin              ||     3
Dodge: Dodged            ||     7
